Map: Simulacrum LE

Players

ViBE - Winner!

  • Race: Terran Terran
  • League: Diamond
  • Spawn Location: 11:00

chacanal

  • Race: Protoss Protoss
  • League: Diamond
  • Spawn Location: 5:00

VOD

Have the link to the VOD?

Description

Time

  • Played on: Dec. 23, 2019, 1:12 a.m.
  • Length: 9:38
Show
View Real Time Build Order
Export as new Build Order

ViBE Terran - Winner!

Build Orders: Reaper Expand 

Get SALT Encoding   

  12  0:00  SCV  
  13  0:12  SCV  
  14  0:18  Supply Depot  
  14  0:24  SCV  
  15  0:39  SCV  
  15  0:41  Barracks  
  16  0:46  Refinery  
  16  0:51  SCV  
  17  1:03  SCV  
  18  1:17  SCV  
  19  1:29  Orbital Command  
  19  1:31  Reaper  
  20  1:45  Command Center  
  20  1:55  SCV  
  21  2:07  SCV  
  22  2:10  Factory  
  22  2:14  Supply Depot  
  22  2:16  Barracks Tech Lab  
  22  2:19  SCV  
  22  2:21  Refinery  
  23  2:36  SCV  
  24  2:48  SCV  
  25  3:00  SCV  
  25  3:02  Cyclone  
  29  3:09  Command Center  
  29  3:12  SCV  
  30  3:15  Orbital Command  
  30  3:24  SCV  
  30  3:25  Mag-Field Accelerator  
  31  3:36  SCV  
  32  3:45  SCV  
  32  3:47  Cyclone  
  36  3:48  SCV  
  37  3:57  SCV  
  37  4:01  SCV  
  39  4:09  SCV  
  40  4:12  Barracks Reactor  
  40  4:13  SCV  
  40  4:15  Factory  
  41  4:21  SCV  
  42  4:25  SCV, Supply Depot  
  42  4:27  Supply Depot  
  42  4:28  Orbital Command  
  43  4:33  SCV, Refinery  
  43  4:35  Refinery  
  43  4:37  SCV  
  45  4:41  Factory  
  45  4:45  SCV  
  45  4:49  SCV  
  46  4:58  SCV  
  47  5:01  SCV  
  47  5:02  Orbital Command  
  48  5:10  SCV  
  48  5:12  Factory, Cyclone, Barracks Tech Lab  
  48  5:13  SCV, Hellion x2  
  57  5:22  SCV  
  57  5:24  Supply Depot  
  57  5:25  SCV, Supply Depot  
  57  5:26  Supply Depot  
  59  5:28  SCV  
  59  5:34  SCV  
  61  5:37  SCV  
  61  5:39  Factory, Barracks Tech Lab  
  61  5:40  Cyclone  
  61  5:41  SCV  
  61  5:42  Hellion  
  68  5:45  Cyclone  
  68  5:46  SCV  
  68  5:49  SCV  
  73  5:53  SCV  
  74  5:58  SCV  
  74  6:02  SCV  
  76  6:05  SCV, Hellion x2  
  76  6:08  Infernal Pre-Igniter  
  76  6:10  SCV  
  82  6:12  Cyclone  
  82  6:14  SCV, Engineering Bay  
  82  6:17  SCV, Cyclone  
  90  6:22  SCV  
  94  6:25  Cyclone  
  94  6:26  SCV, Hellion x2  
  94  6:29  Factory Reactor  
  94  6:32  SCV, Command Center  
  100  6:34  SCV  
  100  6:38  SCV  
  99  6:44  SCV, Cyclone  
  101  7:03  SCV x3  
  101  7:04  Supply Depot x3, Cyclone x2  
  101  7:05  Supply Depot, Hellion x2  
  101  7:07  Hellion  
  116  7:15  SCV, Refinery  
  117  7:16  Refinery  
  117  7:25  SCV x2, Cyclone, Hellion  
  117  7:26  Hellion  
  126  7:30  Armory x2  
  126  7:41  Cyclone x2  
  117  8:05  Cyclone, Hellion x2  
  116  8:06  SCV x2, Hellion x2  
  116  8:07  SCV x2  
  124  8:13  Cyclone  
  124  8:18  SCV  
  128  8:21  Command Center  
  128  8:23  Cyclone  
  128  8:25  SCV x2, Command Center  
  137  8:27  Hellion x4  
  137  8:30  SCV  
  142  8:36  Supply Depot  
  142  8:37  SCV, Supply Depot, Cyclone  
  146  8:45  Cyclone  
  143  9:02  Cyclone  
  148  9:03  Hellion x4  
  148  9:06  SCV  
  148  9:07  SCV x2  
Show
View Real Time Build Order
Export as new Build Order

chacanal Protoss 

Build Orders: 1 Gate Expand, Chargelot Immortal 

Get SALT Encoding   

  12  0:00  Probe  
  13  0:13  Probe  
  14  0:17  Pylon  
  14  0:25  Probe  
  15  0:37  Probe  
  15  0:40  Gateway  
  16  0:44  Assimilator  
  16  0:49  Probe  
  17  1:01  Probe  
  18  1:13  Probe  
  19  1:24  Nexus  
  19  1:28  Assimilator  
  19  1:36  Cybernetics Core  
  19  1:37  Probe  
  20  1:41  Assimilator  
  20  1:49  Probe  
  21  2:00  Pylon  
  21  2:01  Probe  
  22  2:14  Probe  
  23  2:16  Stalker (Chrono Boost)  
  23  2:19  Warp Gate  
  25  2:27  Probe  
  25  2:39  Probe  
  25  2:45  Probe  
  25  2:47  Stalker (Chrono Boost)  
  28  2:51  Probe  
  28  2:52  Robotics Facility  
  29  3:10  Stalker  
  30  3:15  Probe x2  
  32  3:23  Gateway  
  32  3:27  Probe x2  
  32  3:29  Pylon  
  34  3:45  Probe x2  
  33  4:09  Probe x2, Immortal (Chrono Boost)  
  33  4:15  Stalker  
  39  4:19  Shield Battery  
  39  4:21  Probe x2, Stalker  
  43  4:25  Twilight Council  
  43  4:27  Forge  
  43  4:31  Shield Battery  
  43  4:36  Probe (Chrono Boost)  
  43  4:37  Probe (Chrono Boost)  
  45  4:45  Observer (Chrono Boost)  
  46  4:48  Probe (Chrono Boost), Stalker  
  46  4:49  Probe (Chrono Boost), Sentry  
  52  4:59  Blink (Chrono Boost)  
  52  5:03  Warp Prism  
  54  5:11  Protoss Ground Weapons Level 1 (Chrono Boost)  
  54  5:31  Assimilator  
  54  5:33  Assimilator  
  54  5:35  Pylon  
  54  5:38  Pylon  
  54  5:53  Probe x2  
  56  5:58  Immortal  
  56  5:59  Zealot x2  
  64  6:05  Probe x2  
  64  6:07  Gateway  
  64  6:09  Gateway  
  66  6:11  Gateway  
  66  6:17  Probe  
  67  6:29  Nexus  
  67  6:31  Pylon  
  58  6:47  Probe x2  
  58  6:49  Zealot  
  58  6:50  Stalker  
  58  6:53  Charge  
  63  6:55  Immortal  
  63  6:59  Probe  
  68  7:04  Stargate  
  68  7:06  Stargate  
  68  7:12  Probe  
  69  7:24  Probe  
  69  7:29  Probe  
  71  7:34  Pylon  
  71  7:36  Probe, Pylon  
  68  7:39  Zealot x3  
  68  7:40  Zealot x2  
  54  8:06  Stalker x4  
  54  8:08  Stalker x5  
  54  8:09  Void Ray x2 (Chrono Boost)  
  68  8:25  Immortal (Chrono Boost)  
  68  8:32  Stalker x4  
  80  8:43  Nexus  
  80  8:46  Pylon  
  72  9:00  Stalker  
  72  9:01  Stalker x4  
  47  9:24  Stalker x4  
  47  9:25  Stalker  
Tags
 
Add a new tag
Caveats
  • Supply blocks, unpowered buildings, or Contaminate may cause inaccurate times.
  • Supply counts are checked every 10 seconds.